 Dungeon Crawl Stone Soup version 0.29.1-1-gd02db6906a (webtiles) character file.

Game seed: 6639513709281136923

303 safid the Skirmisher (level 6, -4/48 (51) HPs)
             Began as a Minotaur Hunter on Oct 3, 2022.
             Slain by a wight
             ... wielding a +3 dagger of freezing
              (8 damage)
             ... on level 4 of the Dungeon.
             The game lasted 00:04:32 (2566 turns).

safid the Skirmisher (Minotaur Hunter)              Turns: 2566, Time: 00:04:32

HP:   -4/48 (51)    AC:  4    Str: 15    XL:     6   Next: 15%
MP:   5/5           EV: 12    Int:  6    God:
Gold: 187           SH:  0    Dex: 16    Spells: 5/5 levels left

rFire   . . .      SeeInvis .   a - +0 shortbow
rCold   . . .      Faith    .   (shield currently unavailable)
rNeg    . . .      Spirit   .   c - +0 leather armour
rPois   .          Reflect  .   (helmet restricted)
rElec   .          Harm     .   (no cloak)
rCorr   +          Rampage  .   q - +0 pair of gloves
Will    .....                   (no boots)
Stlth   +.........              (no amulet)
HPRegen 0.16/turn               o - ring of resist corrosion
MPRegen 0.09/turn               (no ring)

@: drained
A: horns 2, retaliatory headbutt
a: no special abilities


You were on level 4 of the Dungeon.
You visited 1 branch of the dungeon, and saw 4 of its levels.

You collected 187 gold pieces.

Inventory:

Hand Weapons
 a - a +0 shortbow (weapon)
Armour
 c - a +0 leather armour (worn)
 q - a +0 pair of gloves (worn)
Jewellery
 o - a ring of resist corrosion (left hand)
Wands
 u - a wand of roots (7)
Scrolls
 b - a scroll of immolation
 e - 4 scrolls of teleportation {unknown}
 i - 3 scrolls of vulnerability {unknown}
 l - a scroll of summoning {unknown}
 m - a scroll of fear {unknown}
 n - 3 scrolls of identify {unknown}
 r - a scroll of blinking {unknown}
 s - a scroll of brand weapon {unknown}
 x - a scroll of butterflies {unknown}
Potions
 d - 3 potions of curing {unknown}
 f - a potion of flight {unknown}
 g - a potion of invisibility {unknown}
 h - 2 potions of heal wounds {unknown}
 j - 2 potions of mutation {unknown}
 k - 2 potions of lignification {unknown}
 p - a potion of haste {unknown}
 t - 2 potions of magic {unknown}
 v - a potion of brilliance {unknown}
 w - a potion of cancellation {unknown}


   Skills:
 - Level 3.0 Fighting
 + Level 8.0 Ranged Weapons
 - Level 2.1 Dodging
 - Level 0.7 Stealth


You had 5 spell levels left.
You didn't know any spells.
Your spell library contained the following spells:

 Spells                   Type           Power      Damage    Failure   Level
 Foxfire                  Conj/Fire      0%         2x1d4     52%         1


Dungeon Overview and Level Annotations

Branches:
Dungeon (4/15)
 Temple: D:4-7

Altars:


Innate Abilities, Weirdness & Mutations

You have a pair of horns on your head.
You reflexively headbutt those who attack you in melee.


Message History

You feel drained. The wight freezes you.
You are too injured to fight recklessly!
You are too injured to fight recklessly!
You are too injured to fight recklessly!
Unknown command.
Fire: a) +0 shortbow
Press: ? - help, Q - select action, (/) - cycle Shift-Dir - straight line, f/p - wight
Aim: a wight, wielding a +3 dagger of freezing and wearing a +0 robe (moderately damaged, 65% to hit)
You shoot an arrow. The arrow hits the wight.
The wight is heavily damaged.
The wight barely misses you.
Fire: a) +0 shortbow
Press: ? - help, Q - select action, (/) - cycle Shift-Dir - straight line, f/p - wight
Aim: a wight, wielding a +3 dagger of freezing and wearing a +0 robe (heavily damaged, 65% to hit)
You shoot an arrow. The arrow hits the wight.
The wight is severely damaged.
The wight barely misses you. You furiously retaliate!
You headbutt the wight, but do no damage.
Fire: a) +0 shortbow
Press: ? - help, Q - select action, (/) - cycle Shift-Dir - straight line, f/p - wight
Aim: a wight, wielding a +3 dagger of freezing and wearing a +0 robe (severely damaged, 65% to hit)
You shoot an arrow. The arrow closely misses the wight.
The wight hits you with a +3 dagger of freezing.
The wight freezes you.
The wight hits you with a +3 dagger of freezing!
* * * LOW HITPOINT WARNING * * *
You feel drained.
* * * LOW HITPOINT WARNING * * *
The wight freezes you.
* * * LOW HITPOINT WARNING * * *
Okay, then.
Okay, then.
Okay, then.
Fire: a) +0 shortbow
Press: ? - help, Q - select action, (/) - cycle Shift-Dir - straight line, f/p - wight
Aim: a wight, wielding a +3 dagger of freezing and wearing a +0 robe (severely damaged, 65% to hit)
You shoot an arrow. The arrow hits the wight.
The wight is severely damaged.
The wight hits you with a +3 dagger of freezing!
You die...

#
#...........#[###.#
#.#########.......#
## #####†#####
#.....# #.###.# #
#.# #.# #.###.# #.#
#.)...###.#####.
#.....@z).......
#.#######)###### ..
.# .. .# . z# .# z#
.#


You could see a wight.

Vanquished Creatures
  2 wights (D:4)
  2 hounds
  Jessica (D:3)
  Ijyb (D:3)
  2 adders
  2 worms
  4 dart slugs
  An orc (D:3)
  4 ball pythons
  7 bats
  6 endoplasms
  A giant cockroach (D:4)
  4 goblins
  3 hobgoblins
  2 jackals (D:3)
  2 kobolds (D:2)
  3 quokkas
  4 frilled lizards
  7 rats
58 creatures vanquished.

Notes
Turn   | Place    | Note
-------+----------+-------------------------------------------
     0 | D:1      | safid the Minotaur Hunter began the quest for the Orb.
     0 | D:1      | Reached XP level 1. HP: 18/18 MP: 0/0
   136 | D:1      | Reached XP level 2. HP: 26/26 MP: 1/1
   687 | D:1      | Reached skill level 5 in Ranged Weapons
   947 | D:2      | Found a faded altar of an unknown god.
   955 | D:2      | Got Plato's Exposition on Kindling
   966 | D:2      | Reached XP level 3. HP: 31/31 MP: 2/2
  1742 | D:3      | Noticed Jessica
  1746 | D:3      | Killed Jessica
  1747 | D:3      | Reached skill level 6 in Ranged Weapons
  1747 | D:3      | Reached XP level 4. HP: 38/38 MP: 3/3
  1766 | D:3      | Noticed Ijyb
  1773 | D:3      | Killed Ijyb
  2010 | D:3      | Reached XP level 5. HP: 45/45 MP: 4/4
  2299 | D:3      | Reached skill level 7 in Ranged Weapons
  2561 | D:4      | Reached skill level 8 in Ranged Weapons
  2561 | D:4      | Reached XP level 6. HP: 28/51 MP: 5/5
  2566 | D:4      | Slain by a wight

Illustrated notes

Levels and vault maps discovered:
D:1:      scummos_arrival_simple_crosswalls, layout_loops_corners, hex_large,
          hex_medium
D:2:      layout_loops_ring, shapermc_ecumenical_altar_rom_forum,
          minmay_pentomino_w4
D:3:      layout_basic, uniq_jessica, uniq_ijyb
D:4:      layout_basic, wad_orctagon

Skill      XL: |  1  2  3  4  5 |
---------------+----------------+-----
Fighting       | 3 |  3.0
Ranged Weapons | 5 6 8 |  8.0
Dodging        | |  2.1
Stealth        | |  0.7

Action                   |  1- 3 |  4- 6 || total
-------------------------+-------+-------++-------
 Fire: Shortbow          |   101 |    52 ||   153
Armor: Leather armour    |     6 |     2 ||     8
Dodge: Dodged            |    23 |    13 ||    36
